 Dungeon Crawl Stone Soup version 0.24.1-14-gf8d2b509d9 (webtiles) character file.

Game seed: 6657807946235429466, levelgen mode: deterministic

921 Hugehornet the Insei (level 8, -2/48 HPs)
             Began as an Octopode Transmuter on May 16, 2020.
             Was a Believer of Cheibriados.
             Killed from afar by Dowan (20 damage)
             ... with a shard of ice
             ... on level 5 of the Dungeon.
             The game lasted 00:13:08 (6666 turns).

Hugehornet the Insei (Octopode Transmuter)          Turns: 6666, Time: 00:13:09

Health: -2/48      AC:  2    Str: 14    XL:     8   Next: 10%
Magic:  12/14      EV: 21    Int: 23    God:    Cheibriados [**....]
Gold:   316        SH:  0    Dex: 22    Spells: 2/15 levels left

rFire    + . .     SeeInvis .     - Unarmed
rCold    . . .     Gourm    .   (shield currently unavailable)
rNeg     . . .     Faith    .   (helmet currently unavailable)
rPois    x         Spirit   .   (no amulet)
rElec    .         Reflect  .   r - ring of protection from fire
rCorr    +         Harm     .   v - ring of resist corrosion
MR       .....                  w - +1 ring of evasion
Stlth    +++.......             d - ring of wizardry
HPRegen  0.16/turn              D - ring of stealth
MPRegen  0.14/turn              (no ring)
                                (no ring)
                                (no ring)

@: spider-form, very slow
A: tiny, almost no armour, stealthy swim, (amphibious), 8 rings, (constrict 8)
a: End Transformation, Bend Time, Renounce Religion


You were on level 5 of the Dungeon.
You worshipped Cheibriados.
Cheibriados was pleased with you.
You were very hungry.
You were a venomous arachnid creature.
You visited 1 branch of the dungeon, and saw 5 of its levels.
You also visited: Sewer.

You collected 316 gold pieces.

Inventory:

Missiles
 a - 95 arrows
Jewellery
 d - a ring of wizardry (on tentacle)
 r - a ring of protection from fire (left front leg)
 v - a ring of resist corrosion (right front leg)
 w - a +1 ring of evasion (on tentacle)
 D - a ring of stealth (on tentacle)
Wands
 f - a wand of flame (22)
 j - a wand of polymorph (3)
 C - a wand of digging (3)
Scrolls
 b - 6 scrolls of teleportation
 e - a scroll of magic mapping
 g - 2 scrolls of enchant weapon
 k - a scroll of random uselessness
 l - a scroll of amnesia
 p - a scroll of enchant armour {unknown}
 t - a scroll of fog {unknown}
 x - a scroll of remove curse
 y - a scroll of immolation {unknown}
 B - 2 scrolls of identify
Potions
 h - 2 potions of lignification
 i - a potion of mutation {unknown}
 m - a potion of brilliance
 n - 2 potions of flight
 o - a potion of resistance
 q - 2 potions of haste
 s - a potion of curing
 u - 2 potions of heal wounds {unknown}
 z - 4 potions of berserk rage {unknown}
 A - 4 potions of degeneration {unknown}
Comestibles
 c - 10 rations


   Skills:
 - Level 1.0 Fighting
 - Level 2.0 Dodging
 + Level 5.0 Unarmed Combat
 + Level 4.4 Spellcasting
 - Level 1.0 Hexes
 * Level 4.1 Transmutations
 - Level 3.0 Ice Magic
 - Level 3.1 Poison Magic
 - Level 3.0 Invocations


You had 2 spell levels left.
You knew the following spells:

 Your Spells              Type           Power        Failure   Level  Hunger
a - Beastly Appendage     Tmut           ###...       3%          1    None
b - Sticks to Snakes      Tmut           ###.....     4%          2    None
c - Spider Form           Tmut/Pois      ###.......   8%          3    ##.....
d - Ice Form              Ice/Tmut       ###.....     19%         4    ####...
e - Confuse               Hex            ##......     16%         3    ##.....

Your spell library contained the following spells:

 Spells                   Type           Power        Failure   Level  Hunger
 Corona                   Hex            ##.....      7%          1    None
 Ensorcelled Hibernation  Hex/Ice        ##....       8%          2    None
 Tukima's Dance           Hex            ##......     16%         3    ##.....
 Dazzling Spray           Conj/Hex       #.....       21%         3    ##.....
 Blade Hands              Tmut           ###.......   34%         5    #####..


Dungeon Overview and Level Annotations

Branches:
Dungeon (5/15)              Sewer (visited)
 Temple: D:4-7

Altars:
Cheibriados
Nemelex Xobeh
Okawaru
Trog
Vehumet
Yredelemnul

Shops:
D:5 %

Annotations:
D:5 Dowan, Sigmund


Innate Abilities, Weirdness & Mutations

You cannot wear most types of armour.
You are very stealthy in the water. (Stealth+)
((You are amphibious.))
You can wear up to eight rings at the same time.
((You can use your tentacles to constrict eight enemies at once.))
((Your skin changes colour to match your surroundings (Stealth+).))
((Your rubbery body absorbs attacks. (AC +1, EV +1)))


Message History

Dowan is moderately wounded.
You kill Duvessa!
Cheibriados thoroughly appreciates the change of pace.
Cheibriados raises the support of your attributes as your movement slows.
Dowan screams, "No!
No!"
Dowan seems to find hidden reserves of power!
Training target 1.0 for Hexes reached!
Your Unarmed Combat skill increases to level 5!
Your Hexes skill increases to level 1!
Your Transmutations skill increases to level 4!
You have reached level 8!
Dowan completely misses you. Dowan closely misses you.
You barely miss Dowan.
Dowan is moderately wounded.
Dowan completely misses you.
You hit Dowan.
Dowan is severely wounded.
Dowan casts a spell at you. The shard of ice hits you!!
You die...

......##'......#####
.......##......#
8...8...##....e#
.........##....######
..⌠...8.@ #....#....#
.........##....#....#
8..%8...##.....#....#
.......##......##'####
......##.......)s....#
..#...#........e.....#
..#...#..............#
.###..#..............#
.#.#..############'###
##.##.#.....#.......#
#...# #.....'.......#
#...###.....#.......#
....##.##.########..#


You could see Dowan.

Vanquished Creatures
  Eustachio (D:5)
  Edmund (D:5)
  Duvessa (D:5)
  A phantom (D:5)
  An ogre (D:5)
  A crocodile (Sewer)
  A scorpion (D:5)
  A jelly (D:5)
  A centaur skeleton (D:5)
  2 iguanas (D:4)
  A worker ant (D:4)
  A howler monkey zombie (D:5)
  4 adders
  3 oozes
  3 worms
  A dart slug (D:1)
  3 leopard geckos
  2 orcs
  3 ball pythons
  8 giant cockroaches
  10 goblins
  9 hobgoblins
  13 jackals
  8 bats
  7 frilled lizards
  A jackal skeleton (D:5)
  10 kobolds
  8 rats
106 creatures vanquished.

Notes
Turn   | Place    | Note
-------+----------+-------------------------------------------
     0 | D:1      | Hugehornet the Octopode Transmuter began the quest for the
                  | Orb.
     0 | D:1      | Reached XP level 1. HP: 13/13 MP: 3/3
    40 | D:1      | Reached XP level 2. HP: 18/18 MP: 3/5
   539 | D:1      | Reached XP level 3. HP: 9/23 MP: 3/6
  1059 | D:1      | Learned a level 2 spell: Sticks to Snakes
  1063 | D:1      | Learned a level 3 spell: Spider Form
  1511 | D:1      | Reached skill level 1 in Poison Magic
  1998 | D:2      | Reached XP level 4. HP: 27/28 MP: 6/8
  2292 | D:2      | Found a bloodstained altar of Trog.
  3003 | D:3      | Found a snail-covered altar of Cheibriados.
  3024 | D:3      | Became a worshipper of Cheibriados the Contemplative
  3536 | D:4      | Reached XP level 5. HP: 29/33 MP: 3/9
  3545 | D:4      | Learned a level 4 spell: Ice Form
  3645 | D:4      | Found a glowing drain.
  3661 | D:4      | Reached * piety under Cheibriados
  3684 | Sewer    | Entered a sewer
  3901 | Sewer    | Noticed a crocodile
  3920 | Sewer    | Killed a crocodile
  3920 | Sewer    | Reached skill level 1 in Ice Magic
  3920 | Sewer    | Reached XP level 6. HP: 38/38 MP: 3/10
  4134 | D:4      | Reached skill level 1 in Invocations
  4250 | D:4      | Found an iron altar of Okawaru.
  4877 | D:4      | Reached ** piety under Cheibriados
  5042 | D:5      | Entered Level 5 of the Dungeon
  5130 | D:5      | Found a basalt altar of Yredelemnul.
  5133 | D:5      | Noticed Sigmund
  5142 | D:5      | Found a radiant altar of Vehumet.
  5171 | D:5      | Found a sparkling altar of Nemelex Xobeh.
  5205 | D:5      | Reached skill level 4 in Unarmed Combat
  5477 | D:5      | Reached XP level 7. HP: 15/43 MP: 9/12
  5687 | D:5      | Noticed Eustachio
  5705 | D:5      | Killed Eustachio
  5819 | D:5      | Noticed Edmund
  5834 | D:5      | Killed Edmund
  6283 | D:5      | Found Fazoanynn's Food Shoppe.
  6478 | D:5      | Learned a level 3 spell: Confuse
  6632 | D:5      | Noticed Duvessa
  6633 | D:5      | Noticed Dowan
  6664 | D:5      | Killed Duvessa
  6664 | D:5      | Reached skill level 5 in Unarmed Combat
  6664 | D:5      | Reached skill level 1 in Hexes
  6664 | D:5      | Reached XP level 8. HP: 18/48 MP: 12/14
  6666 | D:5      | Killed from afar by Dowan

Levels and vault maps discovered:
D:1:      onia_arrival_handbag, layout_loops_ring, minmay_tromino_v4_a
D:2:      layout_rooms, skrybe_limestone_x, trog_three_pillars_becter
D:3:      layout_rooms, first_ration, cheibriados_altar_1
D:4:      layout_loops_ring, portal_sewer_entry_a, kennysheep_okawaru_gauntlet
D:5:      layout_gridville, lemuel_doored_altar,
          minmay_overflow_temple_star_hex, serial_shops, shop, uniq_edmund,
          uniq_duvessa, uniq_sigmund, uniq_eustachio

Skill      XL: |  1  2  3  4  5  6  7 |
---------------+----------------------+-----
Transmutations | 3 4 |  4.1
Poison Magic   | 1 3 |  3.1
Spellcasting   | 3 4 |  4.4
Ice Magic      | 1 3 |  3.0
Invocations    | 2 3 |  3.0
Unarmed Combat | 4 5 |  5.0
Hexes          | 1 |  1.0
Fighting       | |  1.0
Dodging        | |  2.0

Action                   |  1- 3 |  4- 6 |  7- 9 || total
-------------------------+-------+-------+-------++-------
Melee: Unarmed           |   101 |   151 |    49 ||   301
       Kick              |    22 |    28 |     2 ||    52
       Constrict         |    28 |    35 |     2 ||    65
       Tentacles         |    18 |    27 |     1 ||    46
       Punch             |     1 |     3 |       ||     4
 Cast: Beastly Appendage |    23 |    35 |     4 ||    62
       Spider Form       |       |     3 |     3 ||     6
       Sticks to Snakes  |       |     4 |     7 ||    11
       Ice Form          |       |     1 |     1 ||     2
 Abil: End Transformatio |       |     3 |     4 ||     7
  Use: Scroll            |       |    13 |       ||    13
       Potion            |       |     3 |       ||     3
 Stab: Sleeping          |     5 |     3 |     1 ||     9
  Eat: Chunk             |     3 |     9 |     1 ||    13
Armor: Skin              |     9 |    13 |     1 ||    23
Dodge: Dodged            |    76 |   105 |    28 ||   209
